 Dungeon Crawl Stone Soup version 0.29.0-5-ge4962eb29e (webtiles) character file.

Game seed: 8753763379151262966

15087 tilp the Cleaver (level 11, 0/105 HPs)
             Began as a Minotaur Berserker on Aug 30, 2022.
             Was a High Priest of Trog.
             Succumbed to a redback's poison
             ... on level 2 of the Lair of Beasts.
             The game lasted 00:17:58 (13265 turns).

tilp the Cleaver (Minotaur Berserker)              Turns: 13265, Time: 00:17:59

Health: 0/105      AC: 16    Str: 25    XL:     11   Next: 97%
Magic:  10/10      EV: 11    Int:  4    God:    Trog [*****.]
Gold:   698        SH:  5    Dex: 11    Spells: 10/10 levels left

rFire   . . .      SeeInvis .   a - +1 war axe (drain)
rCold   . . .      Faith    .   (no shield)
rNeg    . . .      Spirit   .   u - +0 chain mail
rPois   +          Reflect  +   R - +2 hat {Stlth+}
rElec   .          Harm     .   M - +1 cloak
rCorr   .          Rampage  .   s - +0 pair of gloves
Will    +....                   (no boots)
Stlth   ..........              o - amulet of reflection
HPRegen 0.27/turn               k - ring of poison resistance
MPRegen 0.12/turn               K - ring of willpower

@: lethally poisoned (0 -> -10), studying Dodging
A: horns 2, retaliatory headbutt
a: Renounce Religion, Berserk, Trog's Hand, Brothers in Arms


You were on level 2 of the Lair of Beasts.
You worshipped Trog.
Trog was extremely pleased with you.
You visited 2 branches of the dungeon, and saw 13 of its levels.

You collected 698 gold pieces.

Inventory:

Hand Weapons
 a - a +1 war axe of draining (weapon)
 b - a +2 hand axe of venom
Missiles
 i - 97 stones
 q - 2 javelins
 v - 3 boomerangs
 w - a silver boomerang
 x - 14 poisoned darts (quivered)
 I - 7 throwing nets
Armour
 s - a +0 pair of gloves (worn)
 u - a +0 chain mail (worn)
 H - a +0 buckler
 M - a +1 cloak (worn)
 R - a +2 hat of stealth (worn)
Jewellery
 k - a ring of poison resistance (left hand)
 o - an amulet of reflection (around neck)
 E - a ring of resist corrosion
 K - a ring of willpower (right hand)
 L - a +4 ring of protection
Wands
 j - a wand of paralysis (1)
 C - a wand of mindburst (16)
Scrolls
 c - 2 scrolls of silence
 g - 3 scrolls of teleportation
 m - 2 scrolls of fog
 n - 3 scrolls of fear
 p - a scroll of blinking
 y - 3 scrolls of vulnerability
 O - 3 scrolls of enchant weapon
Potions
 d - 2 potions of invisibility
 e - 5 potions of curing
 f - 2 potions of attraction
 h - 7 potions of heal wounds
 r - 3 potions of haste
 t - 2 potions of cancellation
 B - 5 potions of mutation
 D - 4 potions of lignification
 F - a potion of might {unknown}
 G - 2 potions of flight
Miscellaneous
 Q - a lightning rod (4/4)


   Skills:
 * Level 12.5 Fighting
 - Level 14.0 Axes
 + Level 4.4 Throwing
 + Level 8.3 Armour
 + Level 8.6 Dodging
 - Level 2.0 Stealth
 + Level 6.2 Evocations


You had 10 spell levels left.
You didn't know any spells.
Your spell library was empty.

Dungeon Overview and Level Annotations

Branches:
Dungeon (11/15)            Temple (0/1) D:4            Lair (2/5) D:11
  Swamp: Lair:2-3    Shoals: Lair:2-3     Snake: Lair:2-3    Spider: Lair:2-3
    Orc: D:9-12

Altars:
Ashenzari
Dithmenos
Elyvilon
Fedhas
Hepliaklqana
Kikubaaqudgha
Qazlal
Sif Muna
Trog
Vehumet
Wu Jian
Xom
The Shining One
Jiyva

Shops:
D:7 :

Annotations:
D:1 1 transporter
D:3 2 runed translucent doors, zielscheibe's ghost, amateur OpTm
D:7 2 transporters, diceflayer's ghost, novice DsFi
Lair:2 Urug


Innate Abilities, Weirdness & Mutations

You have a pair of horns on your head.
You reflexively headbutt those who attack you in melee.


Message History

Urug is heavily wounded.
You slash the plant! You slash the redback! You drain the redback.
You feel extremely sick. The redback misses you. You block Urug's attack.
You slash the redback!
You kill the redback!
Trog accepts your kill.
You hit the plant. You drain the plant. You hit Urug. You drain Urug.
You feel extremely sick.
A nearby plant withers and dies.
Unknown command.
Unknown command.
You hit Urug but do no damage.
Urug is severely wounded.
You feel very sick. Urug barely misses you.
You hit Urug.
Urug is severely wounded.
You feel very sick. Urug hits you with a +6 glaive.
You barely miss Urug. Your headbutt misses Urug.
Urug is severely wounded.
You feel very sick. You block Urug's attack.
You completely miss Urug.
Urug is severely wounded.
You feel very sick. Urug hits you with a +6 glaive!
* * * LOW HITPOINT WARNING * * *
You closely miss Urug. You headbutt Urug, but do no damage.
Urug is severely wounded.
You feel very sick.
You closely miss Urug. Your headbutt misses Urug.
Urug is severely wounded.
You feel very sick.
Urug is no longer blind.
Urug hits you with a +6 glaive!
* * * LOW HITPOINT WARNING * * *
You slash Urug! You headbutt Urug.
Urug is almost dead.
You die...

. .. # ... .# .
.... +# ##.##..
.....+o#..#.P..
.......@†......
.......<.......
...............
..............#
..............#
...............
...............
...##P.##......
..# ### #P....


You could see Urug (resistant, drained).

Vanquished Creatures
  Gastronok (D:9)
  Harold (Lair:1)
  2 boulder beetles (D:11)
  A two-headed ogre (D:8)
  Pikel (D:9)
  A gargoyle (D:11)
  An unseen horror (D:11)
  A kobold demonologist (D:10)
  3 komodo dragons (D:11)
  3 trolls
  A hornet (D:9)
  A slime creature (D:11)
  Sigmund (D:5)
  11 yaks
  3 wraiths
  2 wyverns
  2 steam dragons
  A redback (Lair:2)
  5 water moccasins
  An acid dragon (D:10)
  4 ice beasts
  An orc warrior (D:10)
  3 sky beasts
  3 black bears
  3 ogres
  A lemure (D:9)
  3 centaurs
  A phantom (D:5)
  2 kobold brigands
  2 gnoll sergeants
  A necrophage (D:5)
  9 bullfrogs
  3 scorpions
  3 killer bees (D:9)
  8 howler monkeys
  An electric eel (D:10)
  7 jellies
  5 orc priests
  2 hounds
  2 iguanas
  12 orc wizards
  29 gnolls
  6 adders
  A shadow imp (D:7)
  3 white imps
  4 ufetubi
  5 dart slugs
  3 worms
  42 orcs
  6 ball pythons
  8 bats
  7 endoplasms
  3 giant cockroaches
  5 goblins
  8 hobgoblins
  13 jackals (D:3)
  4 quokkas
  2 frilled lizards
  8 kobolds
  6 rats
282 creatures vanquished.

Vanquished Creatures (collateral kills)
  A two-headed ogre (D:8)
1 creature vanquished.

Vanquished Creatures (others)
  A bullfrog (D:7)
  A howler monkey (D:7)
  A gnoll bouda (D:7)
  2 orc wizards
  3 orcs
  3 kobolds (D:9)
  48 fungi
  61 plants
120 creatures vanquished.

Grand Total: 403 creatures vanquished

Notes
Turn   | Place    | Note
-------+----------+-------------------------------------------
     0 | D:1      | tilp the Minotaur Berserker began the quest for the Orb.
     0 | D:1      | Reached XP level 1. HP: 19/19 MP: 0/0
   230 | D:1      | Reached skill level 4 in Axes
   308 | D:1      | Reached XP level 2. HP: 27/27 MP: 1/1
  1114 | D:1      | Reached XP level 3. HP: 33/33 MP: 2/2
  1184 | D:2      | Reached skill level 5 in Axes
  1376 | D:2      | Reached ** piety under Trog
  2019 | D:2      | Reached XP level 4. HP: 35/40 MP: 3/3
  2209 | D:3      | Found a large runed translucent door.
  2209 | D:3      | Found a large runed translucent door.
  2221 | D:3      | Found an ancient bone altar of Kikubaaqudgha.
  2367 | D:3      | Found a shadowy altar of Dithmenos.
  2421 | D:3      | Reached skill level 6 in Axes
  2663 | D:3      | Found a faded altar of an unknown god.
  2748 | D:3      | Noticed an ogre
  2753 | D:3      | Killed an ogre
  2754 | D:3      | Reached skill level 7 in Axes
  2754 | D:3      | Reached XP level 5. HP: 30/46 MP: 4/4
  3226 | D:3      | Noticed zielscheibe's ghost (amateur OpTm)
  3270 | D:3      | Reached XP level 6. HP: 52/52 MP: 5/5
  3293 | D:3      | Reached skill level 8 in Axes
  3296 | D:3      | Reached *** piety under Trog
  3599 | D:3      | Reached skill level 9 in Axes
  3599 | D:3      | Reached XP level 7. HP: 51/60 MP: 6/6
  4092 | D:4      | Reached **** piety under Trog
  4159 | D:4      | Found a broken altar of Ashenzari.
  4277 | D:4      | Found a shimmering blue altar of Sif Muna.
  4280 | D:4      | Found a blossoming altar of Fedhas.
  4303 | D:4      | Found an ornate altar of the Wu Jian Council.
  4306 | D:4      | Found a stormy altar of Qazlal.
  4413 | D:4      | Found a staircase to the Ecumenical Temple.
  4581 | D:5      | Entered Level 5 of the Dungeon
  4588 | D:5      | Reached skill level 1 in Stealth
  4588 | D:5      | Reached skill level 1 in Evocations
  4713 | D:5      | Reached skill level 5 in Fighting
  4713 | D:5      | Reached skill level 10 in Axes
  4713 | D:5      | Reached XP level 8. HP: 68/68 MP: 7/7
  4816 | D:5      | Noticed Sigmund
  4828 | D:5      | Killed Sigmund
  5225 | D:5      | Found a glowing golden altar of the Shining One.
  5981 | D:6      | Reached skill level 5 in Armour
  5981 | D:6      | Reached XP level 9. HP: 71/78 MP: 8/8
  6086 | D:6      | Reached skill level 11 in Axes
  6604 | D:7      | Found a transporter.
  6607 | D:7      | Noticed a moth of wrath
  6608 | D:7      | Found a transporter.
  6615 | D:7      | Found a bloodstained altar of Trog.
  6615 | D:7      | Noticed diceflayer's ghost (novice DsFi)
  6634 | D:7      | Found Axoajyrgh's Book Emporium.
  7161 | D:7      | Found a shimmering altar of Xom.
  7229 | D:7      | Found a faded altar of an unknown god.
  7231 | D:7      | Found a faded altar of an unknown god.
  7233 | D:7      | Found a hazy altar of Hepliaklqana.
  7429 | D:8      | Noticed a two-headed ogre
  7551 | D:8      | Noticed a two-headed ogre
  7561 | D:8      | Killed a two-headed ogre
  7562 | D:8      | Reached skill level 12 in Axes
  7676 | D:8      | Killed a two-headed ogre
  7677 | D:8      | Reached skill level 13 in Axes
  7677 | D:8      | Reached XP level 10. HP: 88/88 MP: 9/9
  8096 | D:8      | Reached skill level 14 in Axes
  8500 | D:9      | Reached skill level 1 in Throwing
  8602 | D:9      | Noticed Pikel
  8612 | D:9      | Killed Pikel
  8613 | D:9      | Reached skill level 5 in Dodging
  9285 | D:9      | Noticed Gastronok
  9315 | D:9      | Killed Gastronok
  9316 | D:9      | Reached skill level 5 in Evocations
  9316 | D:9      | Reached XP level 11. HP: 97/97 MP: 10/10
  9667 | D:10     | Entered Level 10 of the Dungeon
 10118 | D:10     | Found a radiant altar of Vehumet.
 10545 | D:10     | Found a white marble altar of Elyvilon.
 11032 | D:11     | Found a viscous altar of Jiyva.
 11249 | D:11     | Reached skill level 10 in Fighting
 11288 | D:11     | Noticed a boulder beetle
 11303 | D:11     | Killed a boulder beetle
 11340 | D:11     | Found a staircase to the Lair.
 11375 | D:11     | Reached ***** piety under Trog
 11686 | D:11     | Noticed a boulder beetle
 11704 | D:11     | HP: 1/154 [gargoyle/stone arrow (20)]
 11712 | D:11     | Killed a boulder beetle
 12379 | Lair:1   | Entered Level 1 of the Lair of Beasts
 12938 | Lair:1   | Noticed Harold
 12946 | Lair:1   | Killed Harold
 13249 | Lair:2   | Noticed Urug
 13264 | Lair:2   | HP: 1/105 [Urug/+6 glaive (16)]
 13265 | Lair:2   | Succumbed to a redback's poison

Illustrated notes

Levels and vault maps discovered:
D:1:      spicycebolla_arrival_risky_transporter, layout_loops_ring
D:2:      layout_loops_ring, kennysheep_another_room
D:3:      lemuel_castle_with_subvaults [lemuel_castle_interior_carwin_1],
          layout_basic, overflow_temple_1_default,
          mainiacjoe_overflow_tiny_flanked,
          hellmonk_ecumenical_altar_inner_sanctum, ebering_ghost_disaster_area
D:4:      layout_cave_pools, grunt_temple_overflow_cloverleaf,
          nicolae_ashenzari_skybound, temple_hall
D:5:      layout_gridville, mainiacjoe_overflow_alcove_2, uniq_sigmund
D:6:      layout_loops_ring
D:7:      layout_basic, nicolae_hepliaklqana_ecumenical_no_more,
          xom_confusion_cloud, gammafunk_ghost_wrathful_warriors, serial_shops,
          shop
D:8:      layout_basic, minmay_manual_monstrance
D:9:      layout_basic, uniq_pikel, uniq_gastronok
D:10:     layout_irregular_city, nicolae_elyvilon_temple_path,
          nicolae_vehumet_radiance
D:11:     layout_loops_ring, due_lair_maze_entry_diamond, hangedman_decor_push,
          grunt_ogre_cave, jiyva_altar_1
Lair:1:   layout_cave_pods, serial_bayou_shore_b, uniq_harold
Lair:2:   wad_woods_stonehenge, layout_regular_city, palyth_hydra_swamp_entry,
          spider_nest_entry_webs, basic_altar, uniq_amaemon, uniq_urug

Skill      XL: |  1  2  3  4  5  6  7  8  9 10 11 |
---------------+----------------------------------+-----
Axes           | 4 5 7 9 10 13 14 | 14.0
Fighting       | 4 5 6 8 9 12 | 12.5
Armour         | 3 4 5 6 7 8 |  8.3
Dodging        | 3 4 6 8 |  8.6
Stealth        | 1 2 |  2.0
Evocations     | 1 3 4 5 6 |  6.2
Throwing       | 3 4 |  4.4

Action                   |  1- 3 |  4- 6 |  7- 9 | 10-12 || total
-------------------------+-------+-------+-------+-------++-------
Melee: Hand axe          |    93 |    15 |       |       ||   108
       Headbutt          |    10 |    11 |    43 |    79 ||   143
       Punch             |     1 |       |     2 |     2 ||     5
       War axe           |       |   104 |   236 |   383 ||   723
Throw: Dart              |     1 |     2 |     6 |       ||     9
Invok: Berserk           |     1 |     3 |    13 |     8 ||    25
       Trog's Hand       |       |       |     1 |     2 ||     3
       Brothers in Arms  |       |       |     1 |       ||     1
Evoke: Wand              |       |       |     6 |     6 ||    12
  Use: Scroll            |     3 |     3 |     5 |    14 ||    25
 Stab: Paralysed         |       |       |     4 |     8 ||    12
       Invisible         |       |       |       |     1 ||     1
Armor: Animal skin       |     5 |       |       |       ||     5
       Leather armour    |    17 |       |       |       ||    17
       Ring mail         |    14 |    12 |       |       ||    26
       Chain mail        |       |    33 |   100 |   147 ||   280
Dodge: Dodged            |    48 |    66 |    81 |   113 ||   308
Block: Other             |       |    13 |    48 |    49 ||   110
       Reflection        |       |       |       |     3 ||     3
